 Dungeon Crawl Stone Soup version 0.30-a0-46-g5a63ccc183 (webtiles) character file.

Game seed: 2508712907980671085

30 ytrimaz the Shield-Bearer (level 3, -2/30 HPs)
             Began as a Formicid Fighter on Sept 2, 2022.
             Shot with a sling bullet by a goblin (5 damage)
             ... on level 2 of the Dungeon.
             The game lasted 00:01:23 (1253 turns).

ytrimaz the Shield-Bearer (Formicid Fighter)        Turns: 1253, Time: 00:01:23

Health: -2/30      AC:  6    Str: 22    XL:     3   Next: 35%
Magic:  3/3        EV:  9    Int:  7    God:
Gold:   76         SH:  5    Dex: 13    Spells: 2/2 levels left

rFire   . . .      SeeInvis +    a - +0 war axe {axe}
rCold   . . .      Faith    .    c - +0 buckler
rNeg    . . .      Spirit   .    b - +0 scale mail
rPois   .          Reflect  .    (helmet unavailable)
rElec   .          Harm     .    (no cloak)
rCorr   .          Rampage  .    (no gloves)
Will    .....                    (no boots)
Stlth   ..........               (no amulet)
HPRegen 0.10/turn                (no ring)
MPRegen 0.08/turn                (no ring)

@: no status effects
A: permanent stasis, dig shafts and tunnels, antennae 3, four strong arms
a: Dig, Shaft Self


You were on level 2 of the Dungeon.
You visited 1 branch of the dungeon, and saw 2 of its levels.

You collected 76 gold pieces.


Innate Abilities, Weirdness & Mutations

You cannot be hasted, slowed, berserked, paralysed or teleported.
You can dig through walls and to a lower floor.
You have a pair of large antennae on your head. (SInv)
Your four strong arms can wield two-handed weapons with a shield.


   Skills:
 + Level 3.6 Fighting
 + Level 2.4 Axes
 - Level 3.2 Armour
 * Level 4.9 Shields


You had 2 spell levels left.
You didn't know any spells.
Your spell library contained the following spells:

 Spells                   Type           Power      Damage    Failure   Level
 Sublimation of Blood     Necr           0%         N/A       92%         2
 Wereblood                Tmut           0%         N/A       92%         2
 Summon Hydra             Summ           0%         N/A       100%        7

Inventory:

Hand Weapons
 a - a +0 war axe (weapon) {axe}
Missiles
 f - 21 stones {throwing}
Armour
 b - a +0 scale mail (worn)
 c - a +0 buckler (worn)
Scrolls
 e - a scroll of immolation {!r!r}
Potions
 d - a potion of might

Dungeon Overview and Level Annotations

Branches:
Dungeon (2/15) Zot: 10716

Altars:

... .. .. #.# # ...
..#..#. .... ......###
...# #.# ...#..... ...#
#...######.!#..... #..##
#.g..@...)......
#..######.....†......
##........#..†..#....
####......####..........
###..........)##..........
#...###..............#....
##.###
#.....#..#.....#.... ...#
#.....##.......# ... .###
#.....###...##.# ..


You could see a goblin.


Message History

You kill the kobold!
Unknown command.
No target in view!
Unknown command.
No target in view!
f - 21 stones {throwing} (gained 4)
You see here a +0 short sword {short}.
You now have 76 gold pieces (gained 14).
A hobgoblin comes into view.
The hobgoblin shouts!
A hobgoblin is nearby!
A giant cockroach comes into view.
An endoplasm comes into view.
A goblin comes into view. It is wielding a +0 dagger.
The goblin shouts!
The goblin unwields a +0 dagger.
The goblin wields a +0 sling.
The goblin shoots a sling bullet.
The sling bullet hits you but does no damage.
The hobgoblin hits you but does no damage.
The giant cockroach waves its antennae.
The endoplasm freezes you.
You are frozen.
The hobgoblin hits you but does no damage.
You block the giant cockroach's attack.
The goblin shoots a sling bullet.
The sling bullet hits you but does no damage. 😕 HP[-3]
You take 3 damage, and now have 26/29 hp.
You barely miss the endoplasm. You closely miss the hobgoblin.
You closely miss the giant cockroach. The giant cockroach barely misses you.
The hobgoblin hits you. The endoplasm freezes you.
You are frozen.
The goblin shoots a sling bullet.
The sling bullet barely misses you. 😮 HP[-7]
You take 7 damage, and now have 19/29 hp.
MASSIVE DAMAGE!! (PAUSE)
You are too injured to fight recklessly!
You are too injured to fight recklessly!
Unknown command.
You closely miss the giant cockroach. You hit the hobgoblin.
You hit the endoplasm. The giant cockroach closely misses you.
The hobgoblin hits you but does no damage.
The endoplasm hits you but does no damage.
The goblin shoots a sling bullet.
The sling bullet closely misses you.
The giant cockroach completely misses you.
The hobgoblin hits you but does no damage.
You block the endoplasm's attack.
You are too injured to fight recklessly!
You closely miss the giant cockroach. You hit the hobgoblin.
You kill the hobgoblin!
You hit the endoplasm.
The goblin shoots a sling bullet.
The sling bullet hits you but does no damage.
You block the giant cockroach's attack. The endoplasm freezes you.
You are frozen.
The goblin shoots a sling bullet.
The sling bullet hits you.
The giant cockroach bites you but does no damage.
You are too injured to fight recklessly! 😮 HP[-4]
You take 4 damage, and now have 15/29 hp.
Unknown command.
You are too injured to fight recklessly!
You slash the giant cockroach!
You kill the giant cockroach!
You hit the endoplasm but do no damage. The endoplasm barely misses you.
The goblin shoots a sling bullet.
The sling bullet hits you but does no damage. 😮 HP[+1]
You now have 30 max hp (+1).
You are too injured to fight recklessly!
Unknown command.
You hit the endoplasm but do no damage. The endoplasm freezes you.
You are frozen.
* * * LOW HITPOINT WARNING * * *
The endoplasm freezes you.
You are frozen.
* * * LOW HITPOINT WARNING * * *
The goblin shoots a sling bullet.
The sling bullet closely misses you.
You barely miss the endoplasm.
The endoplasm hits you but does no damage.
The goblin shoots a sling bullet.
The sling bullet hits you.
* * * LOW HITPOINT WARNING * * *
😨 HP[-6]
You take 6 damage, and now have 10/30 hp.
Unknown command.
The endoplasm hits you but does no damage.
The goblin shoots a sling bullet.
The sling bullet hits you but does no damage.
You hit the endoplasm.
You kill the endoplasm!
The goblin shoots a sling bullet.
The sling bullet hits you.
* * * LOW HITPOINT WARNING * * *
😱 HP[-3]
You take 3 damage, and now have 7/30 hp.
Unknown command.
The goblin shoots a sling bullet.
The sling bullet hits you.
* * * LOW HITPOINT WARNING * * *
😱 HP[-4]
You take 4 damage, and now have 3/30 hp.
The goblin shoots a sling bullet.
The sling bullet hits you.
You die...

Action                   || total
-------------------------++-------
Melee: War axe           ||    68
 Abil: Dig               ||     1
  Use: Scroll            ||     1
Armor: Scale mail        ||    42
Dodge: Dodged            ||    39
Block: Buckler           ||    16

Levels and vault maps discovered:
D:1:      matt_arrival_grand_opening, layout_basic,
          hellmonk_ecumenical_altar_blasted, minivault_24,
          hangedman_decor_clover_reticule, minmay_liquid_box,
          hangedman_abyss_or_decor_stabs, chequers_jeans,
          chequers_serial_rivers_room_a, hangedman_decor_push
D:2:      layout_rooms, st_stairs_12

Notes
Turn   | Place    | Note
-------+----------+-------------------------------------------
     0 | D:1      | ytrimaz the Formicid Fighter began the quest for the Orb.
     0 | D:1      | Reached XP level 1. HP: 18/18 MP: 1/1
     0 | D:1      | magus.rc [v1.9.6]
   170 | D:1      | Found a faded altar of an unknown god.
   280 | D:1      | Reached XP level 2. HP: 17/24 MP: 2/2
   677 | D:1      | Reached XP level 3. HP: 29/29 MP: 3/3
   915 | D:1      | You pick up a book of Blood and begin reading...
   915 | D:1      | You add the spells Sublimation of Blood, Wereblood and
                  | Summon Hydra to your library.
  1251 | D:2      | HP: 7/30 [goblin/sling bullet (3)]
  1252 | D:2      | HP: 3/30 [goblin/sling bullet (4)]
  1253 | D:2      | Shot with a sling bullet by a goblin

Vanquished Creatures
  A dart slug (D:1)
  3 endoplasms
  3 giant cockroaches
  2 goblins (D:1)
  2 hobgoblins
  3 kobolds
  A quokka (D:1)
  4 ball pythons (D:1)
  2 bats (D:1)
  3 frilled lizards (D:1)
  A rat (D:1)
25 creatures vanquished.

Table legend:
 A = Non-vault XP
 B = Vault XP
 C = Vault XP percentage of total XP
 D = Non-vault monster count
 E = Vault monster count
 F = Vault count percentage of total count
                 A         B        C        D         E       F
            +---------+---------+-------+---------+---------+-------
      Total |      43 |       0 |   0.0 |      25 |       0 |   0.0
            +---------+---------+-------+---------+---------+-------
        D:1 |      36 |       0 |   0.0 |      21 |       0 |   0.0
        D:2 |       7 |       0 |   0.0 |       4 |       0 |   0.0
            +---------+---------+-------+---------+---------+-------

Illustrated notes

Table legend:
 A = Kills in this place as a percentage of kills in entire the game.
 B = Kills by you in this place as a percentage of kills by you in the entire game.
 C = Kills by friends in this place as a percentage of kills by friends in the entire game.
 D = Other kills in this place as a percentage of other kills in the entire game.
 E = Experience gained in this place as a percentage of experience gained in the entire game.
 F = Experience gained in this place divided by the number of levels of this place that you have seen.
                   A       B       C       D       E      F
               +-------+-------+-------+-------+-------+----------------------
         Total | 100.0 | 100.0 |   N/A |   N/A | 100.0 |  21.5
       Dungeon | 100.0 | 100.0 |   N/A |   N/A | 100.0 |  21.5
               +-------+-------+-------+-------+-------+----------------------

Table legend: (Time is in decaauts)
 A = Elapsed time spent in this place.
 B = Non-inter-level travel time spent in this place.
 C = Inter-level travel time spent in this place.
 D = Time resting spent in this place.
 E = Time spent auto-exploring this place.
 F = Levels seen in this place.
 G = Mean time per level.
                   A        B        C        D        E       F      G
               +--------+--------+--------+--------+--------+-----+--------+
         Total |   1282 |   1248 |     34 |      0 |   1046 |   2 |  641.0 |
       Dungeon |   1282 |   1248 |     34 |      0 |   1046 |   2 |  641.0 |
               +--------+--------+--------+--------+--------+-----+--------+

Top non-repeatable levels by time:
     D:1: 1220 daAuts
     D:2: 61 daAuts
